 Dungeon Crawl Stone Soup version 0.24.0-125-gc4c63601f3 (webtiles) character file.

Game seed: 9124652392747909319, levelgen mode: deterministic

23361 Frank2 the Basher (level 12, 0/93 HPs)
             Began as a Demonspawn Gladiator on Mar 7, 2020.
             Was a High Priest of Qazlal.
             Slain by a spiny frog (3 damage)
             ... while paralysed by a hornet
             ... on level 3 of the Lair of Beasts.
             The game lasted 00:21:51 (11779 turns).

Frank2 the Basher (Demonspawn Gladiator)           Turns: 11779, Time: 00:21:52

Health: 0/93       AC: 15    Str: 16    XL:     12   Next: 71%
Magic:  19/19      EV:  2    Int: 17    God:    Qazlal [*****.]
Gold:   870        SH:  0    Dex: 17    Spells: 11/11 levels left

rFire    . . .     SeeInvis +   o - +5 flail (drain)
rCold    . . .     Gourm    .   n - +0 buckler of Vevyt {MR+++ rCorr Int+4 Dex-2}
rNeg     . . .     Faith    .   M - +3 ring mail {MR+}
rPois    .         Spirit   .   (helmet restricted)
rElec    .         Reflect  .   D - +2 cloak {+Inv}
rCorr    +         Harm     .   m - +1 pair of gloves
MR       ++++.                  (no boots)
Stlth    +.........             A - amulet of the acrobat
HPRegen  0.25/turn              I - ring of see invisible
MPRegen  0.16/turn              d - +4 ring of intelligence

@: paralysed, lethally poisoned (0 -> -30), slowed, repel missiles
A: horns 2, repulsion field 2, spiny 2
a: Upheaval, Elemental Force, Disaster Area, Renounce Religion, Evoke
Invisibility


You were on level 3 of the Lair of Beasts.
You worshipped Qazlal.
Qazlal was extremely pleased with you.
You were hungry.

You visited 3 branches of the dungeon, and saw 13 of its levels.

You collected 870 gold pieces.

Inventory:

Hand Weapons
 o - a +5 flail of draining (weapon)
Missiles
 H - 5 throwing nets (quivered)
Armour
 h - a +1 ring mail of poison resistance
 m - a +1 pair of gloves (worn)
 n - the +0 buckler of Vevyt (worn) {MR+++ rCorr Int+4 Dex-2}
   (You found it on level 6 of the Dungeon)

   It affects your intelligence (+4).
   It affects your dexterity (-2).
   It affects your resistance to hostile enchantments.
   It provides partial protection from all sources of acid and corrosion.
 p - a scarf of spirit shield
 t - a +3 ring mail of fire resistance
 D - a +2 cloak of invisibility (worn)
 M - a +3 ring mail of magic resistance (worn)
Jewellery
 c - an uncursed ring of ice
 d - a +4 ring of intelligence (right hand)
 s - an uncursed ring of flight
 y - an uncursed amulet of faith
 A - an amulet of the acrobat (around neck)
 I - a ring of see invisible (left hand)
Wands
 e - a wand of paralysis (12)
 i - a wand of acid (8)
 l - a wand of iceblast (9)
 C - a wand of clouds (3)
 L - a wand of flame (31)
Scrolls
 a - 2 scrolls of fear
 g - 8 scrolls of remove curse
 k - a scroll of teleportation
 B - a scroll of magic mapping {unknown}
 J - a scroll of blinking
Potions
 b - a potion of curing
 j - 3 potions of heal wounds
 q - 2 potions of berserk rage
 r - a potion of agility
 u - 2 potions of flight
 v - 2 potions of haste
 w - a potion of lignification {unknown}
 x - a potion of might
 z - a potion of resistance {unknown}
 F - a potion of cancellation {unknown}
Comestibles
 f - 21 rations


   Skills:
 + Level 8.2 Fighting
 + Level 12.3 Maces & Flails
 - Level 1.7 Throwing
 + Level 6.5 Armour
 + Level 6.6 Dodging
 + Level 5.8 Shields
 * Level 9.7 Evocations


You had 11 spell levels left.
You didn't know any spells.
Your spell library contained the following spells:

 Spells                   Type           Power        Failure   Level  Hunger
 Animate Skeleton         Necr           N/A          38%         1    ##.....
 Beastly Appendage        Tmut           #.....       38%         1    ##.....
 Confusing Touch          Hex            #.....       38%         1    ##.....
 Magic Dart               Conj           #...         38%         1    ##.....
 Pain                     Necr           #...         38%         1    ##.....
 Blink                    Tloc           N/A          52%         2    ###....
 Call Imp                 Summ           #.......     52%         2    ###....
 Slow                     Hex            #.......     52%         2    ###....
 Sticks to Snakes         Tmut           #.......     52%         2    ###....
 Confuse                  Hex            #.......     77%         3    ####...
 Conjure Flame            Conj/Fire      #.......     77%         3    ####...
 Gell's Gravitas          Tloc           #.........   77%         3    ####...
 Mephitic Cloud           Conj/Pois/Air  #.......     77%         3    ####...
 Regeneration             Chrm/Necr      #.........   77%         3    ####...
 Spider Form              Tmut/Pois      #.........   77%         3    ####...
 Vampiric Draining        Necr           #.........   77%         3    ####...
 Animate Dead             Necr           N/A          99%         4    #####..
 Ice Form                 Ice/Tmut       #.......     99%         4    #####..
 Petrify                  Tmut/Erth      #.......     99%         4    #####..
 Blade Hands              Tmut           #.........   100%        5    ######.
 Metabolic Englaciation   Hex/Ice        #.........   100%        5    ######.
 Yara's Violent Unravell  Hex/Tmut       #.........   100%        5    ######.


Dungeon Overview and Level Annotations

Branches:
Dungeon (9/15)             Temple (1/1) D:4            Lair (3/6) D:9
  Snake (0/4) Lair:2          Orc (0/2) D:9
  Swamp: Lair:2-4    Shoals: Lair:2-4

Altars:
Ashenzari
Cheibriados
Dithmenos
Elyvilon
Fedhas
Gozag
Hepliaklqana
Kikubaaqudgha
Makhleb
Nemelex Xobeh
Okawaru
Qazlal
Ru
Sif Muna
Trog
Uskayaw
Vehumet
Wu Jian
Xom
Yredelemnul
Zin
The Shining One

Shops:
D:5 [   D:9 [(

Annotations:
D:2 exclusion: oklob plant


Innate Abilities, Weirdness & Mutations

You have a pair of horns on your head.
You are surrounded by a moderate repulsion field. (EV +3)
You are mostly covered in sharp spines.


Message History

The hornet is struck by your spines. The hornet stings you.
* * * LOW HITPOINT WARNING * * *
You feel as though you will be slow longer.
The hornet stings you.
* * * LOW HITPOINT WARNING * * *
You are poisoned.
You feel as though you will be slow longer.
The spiny frog is struck by your spines.
The spiny frog stings you.
* * * LOW HITPOINT WARNING * * *
You are more poisoned.
The spiny frog poisons you!
The seven-headed hydra is engulfed in freezing vapours.
You kill the seven-headed hydra!
Qazlal accepts your kill. The hornet is struck by your spines.
You kill the hornet!
Qazlal accepts your kill. The spiny frog stings you.
You die...

.###P#
#....................
.#####
#....................
.#.#
#P...................
..##
##...................
...#
######♣♣########^........
..## +....♣
♣♣.#.♣♣♣#......... .#.#
#.....♣♣.y....♣#.........
..## #.....°○F†...♣
#......... .P# ♣......@☼#
♣.........
..########++##...☼#
♣.........
..##.<.P#......♣○§#
♣.........
..#8....♣≈........#
#.........
..#P...P#≈≈....♣..#
#........?
..'...P≈#≈≈.......♣
#.........
..'...≈≈#≈≈..⌠....♣
#.........
..'...≈≈#≈≈.......#
#.........
#.#....P#≈≈......≈#
#.........


You could see a spiny frog and a hornet.

Vanquished Creatures
  Harold (D:9)
  A hydra (Lair:3)
  A catoblepas (Lair:2)
  2 centaur warriors (D:9)
  A two-headed ogre (D:9)
  Maurice (D:8)
  The ghost of Kroet the Skirmisher, a novice VSAr of Makhleb (D:6)
  Joseph (D:7)
  5 spiny frogs
  2 black mambas
  3 rime drakes
  4 komodo dragons (Lair:1)
  A freezing wraith (D:9)
  A troll (D:9)
  A queen bee (D:9)
  3 hornets (Lair:3)
  A polar bear (Lair:3)
  3 hippogriffs
  A vampire (D:9)
  21 yaks
  2 basilisks (Lair:1)
  2 hungry ghosts (D:9)
  8 water moccasins
  2 nagas (Lair:2)
  4 porcupines
  3 ice beasts
  2 black bears (D:9)
  2 orc warriors
  3 sky beasts
  A phantom (D:5)
  3 necrophages (D:9)
  8 ogres
  5 wolves (Lair:1)
  5 centaurs
  5 crocodiles
  12 big kobolds
  10 bullfrogs
  A gnoll sergeant (D:6)
  3 scorpions
  21 killer bees (D:9)
  An electric eel (Lair:1)
  6 crimson imps
  3 centaur zombies
  2 jellies
  A centaur skeleton (D:9)
  A quasit (D:9)
  5 orc priests
  12 orc wizards
  Terence (D:3)
  3 bullfrog skeletons
  An iguana (D:4)
  11 worker ants
  2 hound zombies
  A worker ant zombie (D:9)
  14 gnolls
  10 adders
  3 shadow imps
  2 oozes
  An adder skeleton (D:7)
  2 worms
  5 leopard geckos
  27 orcs
  A bat (D:3)
  5 giant cockroaches
  6 goblins
  A hobgoblin (D:3)
  19 jackals
  3 quokkas
  6 frilled lizards
  9 kobolds
  A leopard gecko skeleton (D:4)
  A quokka skeleton (D:9)
  8 rats
331 creatures vanquished.

Vanquished Creatures (others)
  2 fungi (D:6)
  34 plants
36 creatures vanquished.

Grand Total: 367 creatures vanquished

Notes
Turn   | Place    | Note
-------+----------+-------------------------------------------
     0 | D:1      | Frank2 the Demonspawn Gladiator began the quest for the
                  | Orb.
     0 | D:1      | Reached XP level 1. HP: 16/16 MP: 1/1
   380 | D:1      | Gained mutation: You have a pair of small horns on your
                  | head. [demonic ancestry]
   380 | D:1      | Reached XP level 2. HP: 19/22 MP: 2/2
   574 | D:2      | Reached skill level 3 in Maces & Flails
   674 | D:2      | Found a blossoming altar of Fedhas.
   685 | D:2      | Gained mutation: You are partially covered in sharp spines.
                  | [demonic ancestry]
   685 | D:2      | Reached XP level 3. HP: 21/27 MP: 3/3
   699 | D:2      | Noticed an oklob plant
  1542 | D:3      | Reached skill level 1 in Evocations
  1542 | D:3      | Reached XP level 4. HP: 9/34 MP: 4/4
  1997 | D:3      | Reached skill level 1 in Armour
  2009 | D:3      | Noticed Terence
  2032 | D:3      | Killed Terence
  2032 | D:3      | Reached XP level 5. HP: 21/39 MP: 4/6
  2517 | D:4      | Reached skill level 4 in Maces & Flails
  2686 | D:4      | Gained mutation: You are mostly covered in sharp spines.
                  | [demonic ancestry]
  2686 | D:4      | Reached XP level 6. HP: 20/46 MP: 7/7
  3242 | D:4      | Found a staircase to the Ecumenical Temple.
  3251 | Temple   | Entered the Ecumenical Temple
  3311 | Temple   | Became a worshipper of Qazlal Stormbringer
  4205 | D:5      | Entered Level 5 of the Dungeon
  4214 | D:5      | Gained mutation: You are surrounded by a mild repulsion
                  | field. (EV +2) [demonic ancestry]
  4214 | D:5      | Reached XP level 7. HP: 52/52 MP: 7/9
  4372 | D:5      | Reached skill level 5 in Maces & Flails
  4392 | D:5      | Found Geuray's Armour Shoppe.
  4945 | D:6      | Reached * piety under Qazlal
  4963 | D:6      | Reached XP level 8. HP: 46/60 MP: 10/10
  5121 | D:6      | Reached skill level 6 in Maces & Flails
  5423 | D:6      | Found a runed translucent gate.
  5423 | D:6      | Found a runed translucent gate.
  5424 | D:6      | Found a runed translucent gate.
  5424 | D:6      | Noticed Kroet's ghost (novice VSAr)
  5556 | D:6      | Reached ** piety under Qazlal
  5773 | D:6      | Reached skill level 7 in Maces & Flails
  5779 | D:6      | Killed Kroet's ghost
  5779 | D:6      | Reached skill level 5 in Evocations
  5779 | D:6      | Reached XP level 9. HP: 53/66 MP: 12/12
  5795 | D:6      | Reached skill level 5 in Fighting
  5818 | D:6      | Got a shimmering buckler
  5819 | D:6      | Identified the cursed +0 buckler of Vevyt {MR+++ rCorr
                  | Int+4 Dex-2} (You found it on level 6 of the Dungeon)
  5860 | D:7      | Reached skill level 8 in Maces & Flails
  6127 | D:7      | Reached skill level 1 in Shields
  6133 | D:7      | Noticed Joseph
  6145 | D:7      | Killed Joseph
  6145 | D:7      | Reached skill level 5 in Armour
  6145 | D:7      | Reached skill level 5 in Dodging
  6495 | D:8      | Reached *** piety under Qazlal
  6534 | D:8      | Gained mutation: You are surrounded by a moderate repulsion
                  | field. (EV +3) [demonic ancestry]
  6534 | D:8      | Reached XP level 10. HP: 57/75 MP: 12/14
  6912 | D:8      | Noticed Maurice
  6935 | D:8      | Killed Maurice
  7253 | D:8      | Reached skill level 9 in Maces & Flails
  7781 | D:9      | Reached **** piety under Qazlal
  7852 | D:9      | Reached skill level 10 in Maces & Flails
  7853 | D:9      | Noticed a two-headed ogre
  7863 | D:9      | Killed a two-headed ogre
  7897 | D:9      | Noticed a centaur warrior
  7906 | D:9      | Killed a centaur warrior
  7906 | D:9      | Gained mutation: You have a pair of horns on your head.
                  | [demonic ancestry]
  7906 | D:9      | Reached XP level 11. HP: 37/83 MP: 16/16
  8115 | D:9      | Found Hotzil's Armour Emporium.
  8117 | D:9      | Found a staircase to the Orcish Mines.
  8200 | D:9      | Found a staircase to the Lair.
  8209 | D:9      | Found Iraucosk's Antique Weapon Shoppe.
  8240 | D:9      | Noticed Harold
  8255 | D:9      | Killed Harold
  8924 | D:9      | Noticed a centaur warrior
  8932 | D:9      | Killed a centaur warrior
  9031 | Lair:1   | Entered Level 1 of the Lair of Beasts
  9085 | Lair:1   | Reached skill level 11 in Maces & Flails
  9217 | Lair:1   | Reached ***** piety under Qazlal
  9833 | Lair:1   | Reached XP level 12. HP: 84/91 MP: 18/18
 10117 | Lair:2   | Reached skill level 5 in Shields
 10157 | Lair:2   | Found a staircase to the Snake Pit.
 10251 | Lair:2   | Noticed a catoblepas
 10267 | Lair:2   | Killed a catoblepas
 11411 | Lair:3   | Reached skill level 12 in Maces & Flails
 11773 | Lair:3   | Noticed a seven-headed hydra
 11776 | Lair:3   | Paralysed by a hornet for 3 turns
 11779 | Lair:3   | HP: 3/92 [spiny frog (4)]
 11779 | Lair:3   | Killed a seven-headed hydra
 11779 | Lair:3   | Slain by a spiny frog

Levels and vault maps discovered:
D:1:      dpeg_arrival_pond, layout_rooms, hex_large, palyth_stone_intersect
D:2:      layout_loops_corners, tgw_fedhas
D:3:      layout_rooms, serial_curves, eino_curves_02, eino_curves_04,
          uniq_terence
D:4:      layout_layer_cave, minmay_temple_entry_statues_fountains
D:5:      layout_cave_pods, first_ration, serial_shops, kennysheep_mini
D:6:      layout_loops_ring, gammafunk_ghost_nasty_kobolds
D:7:      layout_loops_ring, uniq_joseph
D:8:      layout_basic, uniq_maurice
D:9:      minmay_quarter_circles, layout_basic, orc_david_3, serial_shops,
          nicolae_shop_window_shopping, david_nohive_1, uniq_harold
Temple:   compressed_dpeg_circular_temple
Lair:1:   layout_roguey, hangedman_lair_generics_rect, lemuel_fruit_tree,
          infiniplex_staircase_pool
Lair:2:   layout_chaotic_city, guppyfry_snake_entry_island
Lair:3:   cheibrodos_lair_overgrown_chateau, layout_gridlike, minivault_24

Skill      XL: |  1  2  3  4  5  6  7  8  9 10 11 12 |
---------------+-------------------------------------+-----
Dodging        | 3 4 5 6 |  6.6
Maces & Flails | 3 4 5 7 8 10 11 12 | 12.3
Evocations     | 1 2 3 5 6 7 8 9 |  9.7
Armour         | 1 2 3 4 5 6 |  6.5
Fighting       | 3 4 5 6 7 8 |  8.2
Shields        | 1 3 4 5 |  5.8
Throwing       | |  1.7

Action                   |  1- 3 |  4- 6 |  7- 9 | 10-12 || total
-------------------------+-------+-------+-------+-------++-------
Melee: Flail             |    98 |   106 |   249 |   537 ||   990
       Headbutt          |     9 |    19 |    42 |   114 ||   184
Throw: Throwing net      |       |     6 |     2 |     2 ||    10
  Use: Scroll            |     5 |       |    12 |     9 ||    26
       Potion            |       |       |     2 |     1 ||     3
 Stab: Sleeping          |     1 |       |       |       ||     1
       Held in net/web   |       |     8 |       |       ||     8
       Petrified         |       |       |       |     6 ||     6
  Eat: Chunk             |     1 |     8 |     9 |    14 ||    32
       Ration            |       |       |       |     1 ||     1
Armor: Ring mail         |    33 |    35 |    68 |    94 ||   230
       Leather armour    |     3 |       |       |       ||     3
Dodge: Dodged            |    69 |    46 |   129 |   273 ||   517
       Deflected         |       |       |       |     9 ||     9
Block: Other             |       |       |     5 |       ||     5
       Buckler           |       |       |    29 |   222 ||   251
